 Dungeon Crawl Stone Soup version 0.15.2 (webtiles) character file.

10945 Gartch the Unseen (level 11, -3/56 HPs)
             Began as a Spriggan Enchanter on Jan 16, 2015.
             Was a High Priest of Nemelex Xobeh.
             Slain by a stone giant (36 damage)
             ... on Level 3 of the Orcish Mines on Jan 23, 2015.
             The game lasted 05:28:09 (21705 turns).

Gartch the Unseen (Spriggan Enchanter)             Turns: 21705, Time: 05:28:09

HP  -3/56        AC  7     Str  4      XL: 11   Next: 42%
MP  25/29        EV 28     Int 20      God: Nemelex Xobeh [*****.]
Gold 1095        SH  0     Dex 17      Spells:  4 memorised, 12 levels left

rFire  x . .     SeeInvis +     R - +2 dagger
rCold  + . .     Clarity  .     b - +2 robe
rNeg   . . .     rCorr    .     (shield restricted)
rPois  .         rRot     .     (helmet restricted)
rElec  .         Spirit   .     f - +2 cloak
SustAb .         Warding  .     (gloves unavailable)
rMut   .         Stasis   .     (boots unavailable)
Gourm  .                        n - amulet of faith
MR     +....                    Z - ring of ice
                                x - ring of wizardry

@: bonded with blade, studying Earth Magic, very quick, somewhat resistant to
hostile enchantments, extremely stealthy
A: unfitting armour, see invisible, herbivore 3, speed 3, slow metabolism 2
a: Draw One, Peek at Two, Triple Draw, Deal Four, Stack Five, Renounce Religion


You were on level 3 of the Orcish Mines.
You worshipped Nemelex Xobeh.
Nemelex Xobeh was extremely pleased with you.
You were not hungry.

You visited 2 branches of the dungeon, and saw 17 of its levels.

You collected 1095 gold pieces.

Inventory:

Hand weapons
 j - a +2 shortbow of flaming
 R - a +2 dagger (weapon)
Missiles
 l - 12 poisoned arrows
 F - 15 arrows of frost
 X - 119 arrows
Armour
 b - a +2 robe (worn)
 f - a +2 cloak (worn)
Magical devices
 u - a wand of random effects (24) {unknown}
 D - a wand of confusion (16) {unknown}
 O - a wand of fire (1)
 T - a wand of slowing (11) {unknown}
Comestibles
 I - 2 royal jellies
Scrolls
 m - 2 scrolls of enchant armour
 r - 5 scrolls of teleportation
 t - 5 scrolls of remove curse
 M - a scroll of magic mapping
 P - a scroll of recharging
 Y - a scroll of fear {unknown}
Jewellery
 n - an amulet of faith (around neck)
 x - a ring of wizardry (left hand)
 Z - a ring of ice (right hand)
Potions
 d - a potion of porridge
 g - a potion of curing
 h - a potion of haste
 o - 2 potions of restore abilities
 p - a potion of resistance
 y - a potion of invisibility
 z - 3 potions of agility
 E - a potion of brilliance
 L - a potion of cancellation
 N - a potion of magic
Books
 c - a book of Maledictions

   Spells                             Type                      Level
   Corona                             Hexes                        1
   *Sure Blade                        Hexes/Charms                 2
   *Ensorcelled Hibernation           Hexes/Ice                    2
   Confuse                            Hexes                        3
   *Dazzling Spray                    Conjuration/Hexes            3
   *Enslavement                       Hexes                        4
 i - a book of Beasts

   Spells                             Type                      Level
   Summon Butterflies                 Summoning                    1
   Call Canine Familiar               Summoning                    3
   Summon Ice Beast                   Ice/Summoning                4
   Summon Mana Viper                  Hexes/Summoning              5
   Monstrous Menagerie                Summoning                    6
   Summon Hydra                       Summoning                    7
 v - a book of Changes

   Spells                             Type                      Level
   Beastly Appendage                  Transmutation                1
   Sticks to Snakes                   Transmutation                2
   Spider Form                        Transmutation/Poison         3
   Ice Form                           Ice/Transmutation            4
   Blade Hands                        Transmutation                5
 Q - a manual of Earth Magic
Magical staves
 K - an uncursed staff of wizardry {unknown}
Miscellaneous
 a - an ornate deck of escape
 k - a plain deck of war
 q - a legendary deck of war
 s - a plain deck of war
 w - a plain deck of war
 A - a legendary deck of war
 B - a plain deck of war
 C - a plain deck of war
 G - a legendary deck of war
 H - an ornate deck of war
 J - a plain deck of escape
 S - a plain deck of war
 U - a sack of spiders
 V - an ornate deck of war
 W - a plain deck of war


   Skills:
 - Level 6.0 Fighting
 - Level 8.0 Short Blades
 * Level 12.2 Dodging
 - Level 15.4 Stealth
 - Level 6.5 Spellcasting
 - Level 7.0 Hexes


You had 12 spell levels left.
You knew the following spells:

 Your Spells              Type           Power        Failure   Level  Hunger
a - Dazzling Spray        Conj/Hex       ###.....     4%          3    ##.....
b - Ensorcelled Hibernat  Hex/Ice        ####..       1%          2    None
c - Sure Blade            Hex/Chrm       ###.......   1%          2    None
d - Enslavement           Hex            ####....     3%          4    ###....


Dungeon Overview and Level Annotations

Branches:
Dungeon (13/15)            Temple (0/1) D:5             Orc (4/4) D:12
    Elf (0/3) Orc:3
   Lair: D:8-11      Vaults: D:13-14

Altars:
Elyvilon
Fedhas
Nemelex Xobeh
Qazlal
Sif Muna
Xom
The Shining One
Beogh

Annotations:
D:5 Blork the orc
D:9 Gastronok, Grum
D:10 Erica


Innate Abilities, Weirdness & Mutations

You are tiny and cannot use many weapons and most armour.
You have supernaturally acute eyesight.
You are a herbivore.
You cover ground extremely quickly.
You need consume almost no food.


Message History

You see here a large rock.
The stone giant misses you.
You climb upwards.
There is a stone staircase leading down here.
Casting: Sure Blade
Confirm with . or Enter, or press ? or * to list all spells.
Aiming: Enslavement
Press: ? - help, Shift-Dir - straight line, f - stone giant
Aim: a stone giant
Okay, then.
Casting: Enslavement
Confirm with . or Enter, or press ? or * to list all spells.
Aiming: Dazzling Spray
Press: ? - help, Shift-Dir - straight line, f - stone giant
Aim: a stone giant The spray of energy hits the stone giant.
The stone giant is dazzled.
The stone giant hits you!!!
Ouch! That really hurt!
You die...
Your body glows with a rainbow of weird colours and disappears.

##.#...........#############
##.##.#.##..#....#.....#.....
#.......#...###.#.#....#.....
##(.#.......#.##..............
#..................#..........
##..#............###..........
##....<..........#.#......)..(
####...#....................[)...
#)##............@................
.................C..##........[..
.....................##......#)#.
............................###..
..........#...............)####..
...................##.#.#.## #...
....#...%.......#.###$...## ##.#
...#......##[..###.#....## ##...
..###.....#.....#..%..### ##....


You could see a stone giant (blind).

Vanquished Creatures
  2 hill giants
  A cyclops (Orc:3)
  An orc knight (Orc:3)
  3 trolls
  A yak (D:5)
  A deep elf mage (D:12)
  5 hippogriffs
  A hungry ghost (D:10)
  2 wargs (Orc:2)
  A human (D:7)
  5 vampire mosquitoes
  A tengu skeleton (D:12)
  9 ice beasts
  9 orc warriors
  A sky beast (D:10)
  A black bear (D:9)
  6 centaurs
  6 ogres
  4 phantoms
  A crocodile (D:9)
  5 giant frogs
  7 scorpions
  7 wights
  11 killer bees
  A goliath beetle (D:8)
  3 crimson imps
  A two-headed ogre zombie (D:10)
  5 hounds
  3 jellies
  A giant frog skeleton (D:4)
  17 orc wizards
  2 iguanas
  15 orc priests
  11 worker ants
  4 sheep (D:7)
  An ogre skeleton (D:10)
  12 adders
  12 gnolls
  2 giant mites
  3 shadow imps
  A worm (D:5)
  An adder skeleton (D:4)
  An iguana skeleton (D:6)
  9 giant geckos
  97 orcs
  2 ball pythons (D:2)
  12 bats
  2 bat skeletons
  6 giant cockroaches
  13 goblins
  14 hobgoblins
  15 kobolds
  10 quokkas
  A giant newt (D:5)
  2 giant spores
  2 goblin zombies (D:9)
  3 hobgoblin zombies (D:9)
  9 jackals
  3 kobold skeletons
  2 kobold zombies
  4 orc skeletons
  3 orc zombies
  16 rats
412 creatures vanquished.

Vanquished Creatures (collateral kills)
  A slime creature (D:13)
  A vampire mosquito (D:12)
  2 orc wizards
  An orc priest (Orc:4)
  14 orcs
19 creatures vanquished.

Vanquished Creatures (others)
  A giant spore (D:12)
1 creature vanquished.

Grand Total: 432 creatures vanquished

Notes
Turn   | Place    | Note
--------------------------------------------------------------
     0 | D:1      | Gartch, the Spriggan Enchanter, began the quest for the Orb.
     0 | D:1      | Reached XP level 1. HP: 9/9 MP: 4/4
   682 | D:1      | Reached XP level 2. HP: 13/13 MP: 5/7
   686 | D:1      | Learned a level 2 spell: Ensorcelled Hibernation
   689 | D:1      | Learned a level 2 spell: Sure Blade
  1200 | D:1      | Found a sparkling altar of Nemelex Xobeh.
  1204 | D:1      | Became a worshipper of Nemelex Xobeh the Trickster
  1281 | D:1      | Received a gift from Nemelex Xobeh
  1523 | D:2      | Found a white marble altar of Elyvilon.
  1627 | D:2      | Reached XP level 3. HP: 13/16 MP: 3/9
  2252 | D:3      | Reached skill level 5 in Stealth
  2252 | D:3      | Reached XP level 4. HP: 21/21 MP: 4/12
  2598 | D:3      | Acquired Nemelex Xobeh's first power
  2598 | D:3      | Received a gift from Nemelex Xobeh
  2806 | D:4      | Reached skill level 6 in Stealth
  3198 | D:4      | Reached XP level 5. HP: 22/24 MP: 11/14
  3201 | D:4      | Received a gift from Nemelex Xobeh
  3236 | D:4      | HP: 1/24 [orc priest/divine providence (8)]
  3532 | D:4      | Reached skill level 7 in Stealth
  3890 | D:4      | Reached skill level 8 in Stealth
  3890 | D:4      | Reached XP level 6. HP: 28/28 MP: 14/17
  3897 | D:4      | Learned a level 4 spell: Enslavement
  3945 | D:4      | Noticed a phantom
  3986 | D:4      | Found a blossoming altar of Fedhas.
  3986 | D:4      | Found a shimmering altar of Xom.
  4150 | D:5      | Entered Level 5 of the Dungeon
  4259 | D:5      | Received a gift from Nemelex Xobeh
  4338 | D:5      | Reached skill level 5 in Short Blades
  4381 | D:5      | Noticed a yak
  4384 | D:5      | Noticed a hill giant
  4541 | D:5      | Acquired Nemelex Xobeh's second power
  4688 | D:5      | Noticed Blork the orc
  5063 | D:6      | Reached skill level 5 in Hexes
  5261 | D:4      | Reached XP level 7. HP: 14/32 MP: 19/19
  6313 | D:5      | Killed a hill giant
  6313 | D:5      | Reached XP level 8. HP: 36/42 MP: 13/20
  6353 | D:5      | Killed a yak
  6353 | D:5      | Reached skill level 5 in Dodging
  6435 | D:5      | Found a staircase to the Ecumenical Temple.
  7597 | D:7      | Acquired Nemelex Xobeh's third power
  7606 | D:7      | Received a gift from Nemelex Xobeh
  8293 | D:7      | Reached XP level 9. HP: 43/45 MP: 17/22
  8822 | D:8      | Received a gift from Nemelex Xobeh
  9531 | D:9      | Reached skill level 9 in Stealth
  9559 | D:9      | Reached skill level 10 in Stealth
  9563 | D:9      | Found a glowing golden altar of the Shining One.
  9609 | D:9      | Acquired Nemelex Xobeh's fourth power
  9609 | D:9      | Received a gift from Nemelex Xobeh
  9980 | D:9      | Noticed Gastronok
 10028 | D:10     | Entered Level 10 of the Dungeon
 10455 | D:10     | Reached skill level 10 in Dodging
 10477 | D:9      | Found a deep blue altar of Sif Muna.
 10477 | D:9      | Found a sparkling altar of Nemelex Xobeh.
 10513 | D:10     | Identified a scroll of acquirement
 10561 | D:10     | Noticed a gargoyle
 10613 | D:10     | Received a gift from Nemelex Xobeh
 10767 | D:10     | Noticed Erica
 10882 | D:10     | Noticed a gargoyle
 11122 | D:9      | Reached skill level 11 in Stealth
 11428 | D:9      | Received a gift from Nemelex Xobeh
 11626 | D:8      | Reached skill level 12 in Stealth
 11671 | D:9      | Reached XP level 10. HP: 49/49 MP: 16/23
 11748 | D:9      | Noticed Grum
 12610 | D:10     | Reached skill level 13 in Stealth
 12766 | D:12     | Found a staircase to the Orcish Mines.
 12779 | D:12     | Received a gift from Nemelex Xobeh
 12859 | D:11     | Found a stormy altar of Qazlal.
 12866 | D:11     | Acquired Nemelex Xobeh's fifth power
 13210 | D:9      | Reached skill level 5 in Fighting
 14040 | D:9      | Learned a level 3 spell: Dazzling Spray
 14406 | D:11     | Received a gift from Nemelex Xobeh
 15248 | D:11     | Reached skill level 14 in Stealth
 16168 | D:10     | Reached skill level 15 in Stealth
 17119 | D:12     | Reached XP level 11. HP: 53/56 MP: 24/24
 17456 | D:13     | Noticed a hill giant
 17484 | D:12     | Received a gift from Nemelex Xobeh
 17750 | D:13     | Killed a hill giant
 17773 | D:13     | Noticed an unseen horror
 18111 | Orc:1    | Entered Level 1 of the Orcish Mines
 18855 | Orc:2    | HP: 1/56 [orc warrior/runed dire flail (17)]
 19794 | Orc:3    | Found a staircase to the Elven Halls.
 19795 | Orc:3    | Received a gift from Nemelex Xobeh
 19824 | Orc:3    | Reached skill level 5 in Spellcasting
 20147 | Orc:3    | Found a roughly hewn altar of Beogh.
 21107 | Orc:4    | Entered Level 4 of the Orcish Mines
 21430 | Orc:4    | Received a gift from Nemelex Xobeh
 21433 | Orc:4    | Noticed a stone giant
 21446 | Orc:4    | HP: 1/56 [stone giant/ large rock (12)]
 21705 | Orc:3    | Slain by a stone giant

Action                   |  1- 3 |  4- 6 |  7- 9 | 10-12 || total
-------------------------+-------+-------+-------+-------++-------
Melee: Dagger            |    65 |   119 |   553 |   980 ||  1717
       Short sword       |       |       |     3 |       ||     3
       Unarmed           |       |       |     2 |       ||     2
 Fire: Hunting sling     |       |    14 |    11 |       ||    25
       Shortbow          |       |       |       |     7 ||     7
Throw: Stone             |       |       |     3 |       ||     3
 Cast: Corona            |    11 |     1 |       |       ||    12
       Ensorcelled Hiber |    26 |    44 |   115 |   160 ||   345
       Sure Blade        |     1 |    10 |     9 |    47 ||    67
       Enslavement       |       |       |    10 |    37 ||    47
       Dazzling Spray    |       |       |       |    40 ||    40
  Use: Scroll            |     1 |    10 |    15 |     6 ||    32
       Potion            |       |       |     2 |     2 ||     4
 Stab: Sleeping          |    26 |    37 |    71 |    83 ||   217
       Distracted        |       |     2 |     6 |     2 ||    10
       Invisible         |       |       |       |     9 ||     9
  Eat: Fruit             |       |     5 |     1 |     1 ||     7
       Pizza             |       |       |     1 |     8 ||     9
       Bread ration      |       |       |     2 |     3 ||     5
